 Dungeon Crawl Stone Soup version 0.15.2 (webtiles) character file.

79 glosham the Skirmisher (level 4, -6/50 HPs)
             Began as an Ogre Arcane Marksman on Apr 8, 2017.
             Mangled by a gnoll
             ... wielding a +0 halberd
              (11 damage)
             ... on Level 4 of the Dungeon.
             The game lasted 00:12:25 (626 turns).

glosham the Skirmisher (Ogre Arcane Marksman)        Turns: 626, Time: 00:12:25

HP  -6/50        AC  3     Str 16      XL: 4   Next: 38%
MP   4/6         EV 10     Int 12      God:
Gold 78          SH  0     Dex 10      Spells:  1 memorised,  4 levels left

rFire  . . .     SeeInvis .     a - +2 dagger (venom)
rCold  . . .     Clarity  .     g - +0 robe
rNeg   . . .     rCorr    .     (shield restricted)
rPois  .         rRot     .     (helmet restricted)
rElec  .         Spirit   .     (no cloak)
SustAb .         Warding  .     (gloves unavailable)
rMut   .         Stasis   .     (boots unavailable)
Gourm  .                        (no amulet)
MR     .....                    (no ring)
                                (no ring)

@: not resistant to hostile enchantments, very unstealthy
A: unfitting armour, tough skin 1
a: no special abilities


You were on level 4 of the Dungeon.
You were not hungry.

You visited 1 branch of the dungeon, and saw 4 of its levels.

You collected 78 gold pieces.

Inventory:

Hand weapons
 a - a +2 dagger of venom (weapon)
 c - a +0 spear
 l - a +0 mace
 n - a +0 halberd
 p - a +0 halberd
Missiles
 b - 3 large rocks
 e - 27 stones
 j - 2 throwing nets
 m - 16 poisoned needles
 q - a poisoned tomahawk (quivered)
Armour
 g - a +0 robe (worn)
Comestibles
 f - a meat ration
 o - a bread ration
Scrolls
 i - 2 scrolls of teleportation
Jewellery
 Q - an uncursed ring of teleportation
Potions
 h - a potion of might {unknown}
 k - a potion of mutation {unknown}
Books
 d - a book of Debilitation

   Spells                             Type                      Level
   *Corona                            Hexes                        1
   Slow                               Hexes                        2
   Inner Flame                        Hexes/Fire                   3
   Enslavement                        Hexes                        4
   Cause Fear                         Hexes                        4
   Leda's Liquefaction                Hexes/Earth                  4


   Skills:
 * Level 5.4 Fighting
 - Level 2.1 Throwing
 - Level 1.7 Dodging
 - Level 1.2 Spellcasting
 - Level 2.1 Hexes


You had 4 spell levels left.
You knew the following spells:

 Your Spells              Type           Power        Failure   Level  Hunger
c - Corona                Hex            #......      14%         1    ##.....


Dungeon Overview and Level Annotations

Branches:
Dungeon (4/15)
 Temple: D:4-7

Altars:
Dithmenos
Qazlal
Yredelemnul


Innate Abilities, Weirdness & Mutations

You are too large for most types of armour.
You have tough skin (AC +1).


Message History

The gnoll hits you from afar with a halberd!
You hit the gnoll.
The gnoll is poisoned.
The gnoll is moderately wounded.
The gnoll hits you with a glowing spear!
The gnoll freezes you.
* * * LOW HITPOINT WARNING * * *
The gnoll hits you from afar with a spear of freezing.
* * * LOW HITPOINT WARNING * * *
The gnoll freezes you.
* * * LOW HITPOINT WARNING * * *
You see here a gnoll corpse.
Your magical contamination has completely faded away.
You see here a gnoll corpse.
You see here a rat corpse.
The gnoll looks more healthy.
Throwing (i - inventory. (,) - cycle):
q - 2 poisoned tomahawks (quivered)
Press: ? - help, Shift-Dir - straight line, f - gnoll
Aim: a gnoll, wielding a halberd You throw a poisoned tomahawk.
The poisoned tomahawk hits the gnoll.
You kill the gnoll!
Casting: Corona
Confirm with . or Enter, or press ? or * to list all spells.
Aiming: Corona
Press: ? - help, Shift-Dir - straight line, f/p - gnoll
Aim: a gnoll, wielding a halberd The gnoll resists with significant effort.
Casting: Corona
Confirm with . or Enter, or press ? or * to list all spells.
Aiming: Corona
Press: ? - help, Shift-Dir - straight line, f/p - gnoll
Aim: a gnoll, wielding a halberd The gnoll is outlined in light.
The gnoll hits you with a halberd.
* * * LOW HITPOINT WARNING * * *
You hit the gnoll.
The gnoll is poisoned.
The gnoll is moderately wounded.
You barely miss the gnoll.
The gnoll is moderately wounded.
The gnoll hits you with a halberd!
You die...

#g##.........#
#.##.###.###..
#%##..# #
#.#...##.#.#
#.%.......#
###(..##.#.#
##.## .. #g#
## #@# #.#
####.#######.#
#....<.......#
#....#########
#.#### #.# #.#
#.#


You could see a gnoll.

Vanquished Creatures
  A worker ant (D:4)
  3 gnolls (D:4)
  A worm (D:3)
  A giant cockroach (D:1)
  A hobgoblin (D:1)
  3 bats
  A goblin (D:1)
  5 kobolds
  2 quokkas (D:3)
  4 rats
22 creatures vanquished.

Notes
Turn   | Place    | Note
--------------------------------------------------------------
     0 | D:1      | glosham, the Ogre Arcane Marksman, began the quest for the Orb.
     0 | D:1      | Reached XP level 1. HP: 19/19 MP: 2/2
    78 | D:1      | Reached skill level 2 in Fighting
   255 | D:2      | Found a shadowy altar of Dithmenos.
   299 | D:1      | Reached XP level 2. HP: 29/29 MP: 1/3
   371 | D:3      | Reached skill level 3 in Fighting
   463 | D:3      | Found a stormy altar of Qazlal.
   463 | D:3      | Found a basalt altar of Yredelemnul.
   533 | D:4      | Reached skill level 4 in Fighting
   533 | D:4      | Reached XP level 3. HP: 33/40 MP: 1/4
   564 | D:4      | Reached XP level 4. HP: 35/49 MP: 4/6
   589 | D:4      | Reached skill level 5 in Fighting
   624 | D:4      | HP: 5/50 [gnoll/halberd (5)]
   626 | D:4      | Mangled by a gnoll

Action                   |  1- 3 |  4- 6 || total
-------------------------+-------+-------++-------
Melee: Unarmed           |    13 |       ||    13
       Dagger            |    38 |     9 ||    47
Throw: Large rock        |     1 |       ||     1
       Throwing net      |     1 |       ||     1
       Tomahawk          |     4 |     2 ||     6
 Cast: Corona            |    13 |     3 ||    16
  Use: Scroll            |     3 |       ||     3

Table legend:
 A = Turns spent in this place as a percentage of turns spent in the entire game.
 B = Non-inter-level travel turns spent in this place as a percentage of non-inter-level travel turns spent in the entire game.
 C = Inter-level travel turns spent in this place as a percentage of turns spent in this place.
 D = Turns resting spent in this place as a percentage of non-inter-level travel turns spent in this place.
 E = Turns spent auto-exploring this place as a percentage of non-inter-level travel turns spent in this place.
 F = Non-inter-level travel turns spent in this place divided by the number of levels of this place that you've seen.
                   A       B       C       D       E      F
               +-------+-------+-------+-------+-------+----------------------
         Total | 100.0 | 100.0 |   0.0 |   0.0 |   0.0 | 139.5
       Dungeon | 100.0 | 100.0 |   0.0 |   0.0 |   0.0 | 139.5
               +-------+-------+-------+-------+-------+----------------------

Table legend:
 A = Kills in this place as a percentage of kills in entire the game.
 B = Kills by you in this place as a percentage of kills by you in the entire game.
 C = Kills by friends in this place as a percentage of kills by friends in the entire game.
 D = Other kills in this place as a percentage of other kills in the entire game.
 E = Experience gained in this place as a percentage of experience gained in the entire game.
 F = Experience gained in this place divided by the number of levels of this place that you have seen.
                   A       B       C       D       E      F
               +-------+-------+-------+-------+-------+----------------------
         Total | 100.0 | 100.0 |  -nan |  -nan | 100.0 |  28.5
       Dungeon | 100.0 | 100.0 |  -nan |  -nan | 100.0 |  28.5
               +-------+-------+-------+-------+-------+----------------------

Vault maps used:
D:1:      shiori_arrival_oz, serial_forest, infiniplex_forest_lined_corner,
          infiniplex_forest_lined_room_2, infiniplex_forest_split,
          infiniplex_forest_straight_5, infiniplex_forest_corner_1,
          infiniplex_forest_clump_long, infiniplex_forest_straight_4
D:2:      grunt_dithmenos_smoke_and_mirrors, minmay_quantized
D:3:      grunt_temple_overflow_bloody_war, gammafunk_temple_overflow_wave,
          uniq_sigmund
D:4:      lemuel_crystal_altar, first_bread
